 Dungeon Crawl Stone Soup version 0.16.1-30-g34a7ffa (webtiles) character file.

3890 Mysteryquy the Grappler (level 10, -17/82 (83) HPs)
             Began as a Ghoul Monk on June 27, 2015.
             Was a Believer of Okawaru.
             Demolished by a small abomination (21 damage)
             ... on level 1 of the Abyss.
             The game lasted 00:21:19 (6952 turns).

Mysteryquy the Grappler (Ghoul Monk)                Turns: 6952, Time: 00:21:20

HP:   -17/82 (83)   AC:  8    Str: 16    XL:     10   Next: 19%
MP:   7/7           EV: 14    Int:  5    God:    Okawaru [**....]
Gold: 271           SH:  0    Dex: 14    Spells: 0 memorised, 9 levels left

rFire  . . .     SeeInvis +       - Unarmed
rCold  + . .     Clarity  .     a - +0 robe
rNeg   + + +     SustAb   .     (no shield)
rPois  ∞         Gourm    .     w - +0 helmet
rElec  .         Spirit   .     (no cloak)
rCorr  .         Warding  .     (no gloves)
rMut   .         Stasis   .     (no boots)
MR     .....                    (no amulet)
Stlth  ++........               t - +5 ring of protection
                                n - ring of see invisible

@: rotting, not resistant to hostile enchantments, unstealthy
A: rotting body, claws 1, carnivore 3, cold resistance 1, negative energy
resistance 3, poison resistance, slow healing 1, torment resistance, unbreathing
a: Heroism, Renounce Religion


You were on level 1 of the Abyss.
You worshipped Okawaru.
Okawaru was pleased with you.
You were not hungry.

You visited 2 branches of the dungeon, and saw 9 of its levels.
You visited the Abyss 1 time.

You collected 403 gold pieces.
You spent 132 gold pieces at shops.

Inventory:

Armour
 a - a +0 robe (worn)
 d - a +0 helmet
 w - a +0 helmet (worn)
Jewellery
 m - an uncursed ring of ice
 n - a ring of see invisible (left claw)
 t - a +5 ring of protection (right claw)
Magical devices
 o - a wand of polymorph (4)
 y - a wand of digging (14)
Scrolls
 b - 7 scrolls of identify
 l - 2 scrolls of amnesia
 r - 6 scrolls of remove curse
 u - a scroll of immolation {unknown}
 x - 3 scrolls of magic mapping {unknown}
 C - a scroll of random uselessness {unknown}
 D - 3 scrolls of teleportation {unknown}
 F - a scroll of enchant armour {unknown}
 G - a scroll of fear {unknown}
 I - a scroll of fog {unknown}
Potions
 e - a potion of mutation {unknown}
 f - 2 potions of lignification {unknown}
 g - 2 potions of magic {unknown}
 h - 2 potions of haste {unknown}
 k - 7 potions of curing
 q - a potion of resistance
 v - 3 potions of brilliance {unknown}
 z - 2 potions of might {unknown}
 A - 2 potions of agility
 B - 2 potions of restore abilities {unknown}
 E - a potion of cure mutation {unknown}
 H - a potion of flight {unknown}
Books
 j - a book of Conjurations

   Spells                             Type                      Level
   a - Magic Dart                     Conjuration                  1
   b - Searing Ray                    Conjuration                  2
   c - Dazzling Spray                 Conjuration/Hexes            3
   d - Fulminant Prism                Conjuration/Hexes            4
   e - Iskenderun's Mystic Blast      Conjuration                  4
   f - Iskenderun's Battlesphere      Conjuration/Charms           5
Comestibles
 c - 5 slices of pizza
 i - 2 royal jellies
 p - 4 meat rations
 s - 3 beef jerkies
 J - 3 chunks of flesh


   Skills:
 + Level 5.7 Fighting
 + Level 4.7 Dodging
 - Level 2.1 Stealth
 + Level 14.2 Unarmed Combat


You had 9 spell levels left.
You didn't know any spells.

Dungeon Overview and Level Annotations

Branches:
Dungeon (8/15)             Temple (1/1) D:7
   Lair: D:8-11

Altars:
Ashenzari
Cheibriados
Dithmenos
Elyvilon
Fedhas
Gozag
Kikubaaqudgha
Nemelex Xobeh
Okawaru
Qazlal
Sif Muna
Trog
Xom
Yredelemnul
Zin

Shops:
D:4 !   D:6 (

Annotations:
D:7 Joseph
D:8 Erolcha


Innate Abilities, Weirdness & Mutations

Your body is rotting away.
You thrive on raw meat.
You have sharp fingernails.
You are carnivorous and can eat meat at any time.
Your flesh is cold resistant.
You are immune to negative energy.
Your system is resistant to poisons.
You heal slowly when monsters are visible.
You are immune to unholy pain and torment.
You can survive without breathing.


Message History

An ancient zyme comes into view.
An ancient zyme is nearby!
You see here a bread ration.
You scratch the ancient zyme.
The ancient zyme is lightly damaged.
The ancient zyme barely misses you. The ancient zyme hits you!
* * * LOW HITPOINT WARNING * * *
The ynoxinul bellows!
A brain worm comes into view.
The brain worm moves out of view.
The ancient zyme hits you!
* * * LOW HITPOINT WARNING * * *
The ancient zyme hits you but does no damage.
The brain worm looks sick.
A small abomination comes into view.
The ynoxinul gestures at you. The iron shot hits you!
* * * LOW HITPOINT WARNING * * *
You barely miss the small abomination. The small abomination hits you!!
You die...

# #........#.%.##..... ..
#.## #..#.#.....# .#
..#.####..#. #.###.
#.#.#......#.............
. .#.#..#.....###.....###
#. .....##...x.##.##..
..##.....##.#w##.# # #..
#> ......#.3.# ..##...
.###....@#.# ..
.###.....###x.#
....#...#)# #...# #. . #
####. ..## . ...# .# #...
. .# #.## .. # . ## #. .
# #


You could see a ynoxinul, a small abomination and a brain worm.

Vanquished Creatures
  Pikel (D:5)
  Prince Ribbit (D:6)
  The ghost of Gargoyl the Cudgeler, an average GrBe of Trog (D:4)
  A hungry ghost (D:7)
  A hippogriff (D:7)
  Eustachio (D:5)
  An orc warrior (D:6)
  A necrophage (D:7)
  A slave (D:5)
  2 phantoms
  An ogre (D:6)
  2 centaurs (D:7)
  6 sky beasts
  Duvessa (D:6)
  A big kobold (D:7)
  A scorpion (D:5)
  2 vampire bats (D:6)
  3 killer bees (D:7)
  Dowan (D:6)
  2 crimson imps
  A centaur zombie (D:7)
  3 hounds
  2 quasits
  2 jellies
  Crazy Yiuf (D:2)
  3 iron imps (D:5)
  3 orc priests
  2 giant frog skeletons
  6 orc wizards
  An iguana (D:7)
  A worker ant (D:4)
  Jessica (D:2)
  Terence (D:2)
  11 adders
  4 gnolls
  A river rat (D:4)
  2 giant mites (D:1)
  2 shadow imps
  5 worms
  2 white imps (D:5)
  3 giant geckos
  An ooze (D:2)
  20 orcs
  12 bats
  3 bat skeletons
  4 bat zombies
  4 giant cockroaches
  16 goblins
  18 hobgoblins
  7 jackals
  4 quokkas
  2 ball pythons (D:4)
  6 giant newts
  20 kobolds
  2 quokka skeletons (D:6)
  A quokka zombie (D:6)
  18 rats
226 creatures vanquished.

Vanquished Creatures (others)
  An ice beast (D:5)
  A crimson imp (D:5)
2 creatures vanquished.

Grand Total: 228 creatures vanquished

Notes
Turn   | Place    | Note
--------------------------------------------------------------
     0 | D:1      | Mysteryquy, the Ghoul Monk, began the quest for the Orb.
     0 | D:1      | Reached XP level 1. HP: 19/19 MP: 1/1
    73 | D:1      | Reached XP level 2. HP: 24/26 MP: 2/2
    79 | D:1      | Reached skill level 5 in Unarmed Combat
   305 | D:1      | Reached XP level 3. HP: 23/31 MP: 3/3
   707 | D:2      | Reached skill level 6 in Unarmed Combat
   707 | D:2      | Reached XP level 4. HP: 31/38 MP: 3/3
   870 | D:2      | Noticed Jessica
   877 | D:2      | Noticed Terence
   891 | D:2      | Killed Terence
   900 | D:2      | Killed Jessica
  1048 | D:2      | Noticed Crazy Yiuf
  1064 | D:2      | Killed Crazy Yiuf
  1064 | D:2      | Reached XP level 5. HP: 23/44 MP: 4/4
  1124 | D:2      | You fall through a shaft!
  1365 | D:3      | Reached skill level 7 in Unarmed Combat
  1671 | D:4      | Found a sparkling altar of Nemelex Xobeh.
  1671 | D:4      | Found an opulent altar of Gozag.
  1791 | D:4      | Noticed Gargoyl's ghost (average GrBe)
  2035 | D:3      | Reached XP level 6. HP: 44/51 MP: 5/5
  2458 | D:3      | Reached skill level 8 in Unarmed Combat
  3338 | D:4      | Found Cahuafim's Distillery.
  3348 | D:4      | Bought a potion of heal wounds for 60 gold pieces
  3348 | D:4      | Bought 2 potions of curing for 72 gold pieces
  3772 | D:5      | Entered Level 5 of the Dungeon
  3826 | D:5      | Reached XP level 7. HP: 54/57 MP: 5/5
  3834 | D:5      | Reached skill level 9 in Unarmed Combat
  3855 | D:5      | Noticed Pikel
  3874 | D:5      | Killed Pikel
  3874 | D:5      | Reached skill level 10 in Unarmed Combat
  3874 | D:5      | Reached XP level 8. HP: 37/63 MP: 6/6
  4043 | D:5      | Reached skill level 11 in Unarmed Combat
  4462 | D:5      | Noticed Eustachio
  4463 | D:5      | Found a blossoming altar of Fedhas.
  4506 | D:5      | Killed Eustachio
  4630 | D:6      | Reached skill level 12 in Unarmed Combat
  4756 | D:6      | Found an ancient bone altar of Kikubaaqudgha.
  4763 | D:6      | Reached XP level 9. HP: 67/69 MP: 7/7
  4887 | D:4      | Killed Gargoyl's ghost
  4887 | D:4      | Reached skill level 13 in Unarmed Combat
  4918 | D:6      | Noticed Prince Ribbit
  4930 | D:6      | Killed Prince Ribbit
  5116 | D:6      | Noticed Duvessa
  5126 | D:6      | Killed Duvessa
  5138 | D:6      | Noticed Dowan
  5141 | D:6      | Killed Dowan
  5160 | D:6      | Found Brepam's Weapon Boutique.
  5918 | D:7      | Reached skill level 5 in Fighting
  5963 | D:7      | Noticed Joseph
  6023 | D:7      | Reached skill level 14 in Unarmed Combat
  6023 | D:7      | Reached XP level 10. HP: 31/81 MP: 7/7
  6338 | D:7      | Found a staircase to the Ecumenical Temple.
  6358 | Temple   | Entered the Ecumenical Temple
  6406 | Temple   | Became a worshipper of Warmaster Okawaru
  6406 | Temple   | Acquired Okawaru's first power
  6704 | D:8      | Noticed Erolcha
  6877 | D:7      | Cast into the Abyss (Joseph)
  6950 | Abyss:1  | HP: 3/82 [ynoxinul/iron shot (11)]
  6952 | Abyss:1  | Demolished by a small abomination

Action                   |  1- 3 |  4- 6 |  7- 9 | 10-12 || total
-------------------------+-------+-------+-------+-------++-------
Melee: Unarmed           |    91 |   257 |   346 |    76 ||   770
  Use: Scroll            |       |     3 |       |       ||     3
       Potion            |       |       |     1 |     2 ||     3
 Stab: Sleeping          |     4 |     4 |     3 |     1 ||    12
       Distracted        |     1 |       |       |       ||     1
       Invisible         |       |     3 |       |       ||     3
  Eat: Chunk             |     4 |    28 |    30 |     8 ||    70
